Map: Moonlight Madness LE (Void)

Players

wabbajack - Winner!

  • Race: Zerg Zerg
  • League: Gold

Jenova

  • Race: Protoss Protoss
  • League: Silver

VOD

Have the link to the VOD?

Description

Time

  • Played on: July 20, 2015, 2:34 p.m.
  • Length: 4:58
Show
View Real Time Build Order
Export as new Build Order

wabbajack Zerg - Winner!

Build Orders: Hatch First 

Get SALT Encoding   

  12  0:01  Drone  
  13  0:13  Overlord  
  13  0:18  Drone  
  14  0:27  Extractor  
  13  0:29  Drone  
  13  0:34  Drone  
  16  0:43  Drone  
  17  0:56  Hatchery  
  16  1:04  Extractor  
  16  1:05  Drone, Extractor  
  16  1:06  Drone  
  16  1:10  Drone  
  17  1:25  Spawning Pool  
  16  1:30  Drone  
  17  1:33  Drone  
  17  1:39  Drone  
  19  1:56  Overlord  
  19  2:04  Drone  
  20  2:16  Queen  
  20  2:18  Metabolic Boost  
  20  2:21  Pneumatized Carapace  
  22  2:25  Zergling x2  
  23  2:39  Zergling x8  
  27  2:56  Zergling x2  
  27  2:57  Zergling x6  
  31  3:04  Queen  
  33  3:21  Zergling x4  
  35  3:28  Zergling x2  
  36  3:46  Baneling Nest  
  36  3:47  Drone  
  36  3:49  Overlord x2  
  36  4:18  Drone x12  
  36  4:19  Roach Warren  
  47  4:43  Spore Crawler  
  47  4:44  Spine Crawler  
  47  4:45  Spine Crawler x2  
Show
View Real Time Build Order
Export as new Build Order

Jenova Protoss 

Build Orders:  

Get SALT Encoding   

  12  0:02  Probe  
  13  0:15  Pylon  
  13  0:18  Probe  
  14  0:33  Probe (Chrono Boost)  
  15  0:37  Gateway  
  15  0:45  Probe (Chrono Boost)  
  15  0:46  Assimilator  
  16  0:53  Probe (Chrono Boost)  
  17  1:03  Probe  
  18  1:07  Gateway  
  18  1:15  Probe  
  19  1:20  Assimilator  
  19  1:26  Zealot  
  19  1:27  Probe (Chrono Boost)  
  22  1:35  Pylon  
  22  1:53  Probe (Chrono Boost)  
  23  1:56  Cybernetics Core  
  23  2:05  Probe (Chrono Boost)  
  24  2:11  Probe (Chrono Boost), Pylon  
  25  2:30  Pylon  
  25  2:33  Warp Gate  
  25  2:36  Adept x2  
  29  2:45  Robotics Facility  
  29  3:05  Pylon  
  29  3:29  Gateway  
  29  3:30  Gateway  
  29  3:34  Immortal  
  33  3:37  Adept  
  35  3:59  Pylon  
  35  4:03  Pylon  
  35  4:13  Immortal (Chrono Boost)  
  43  4:48  Adept  
Tags
 
Add a new tag
Caveats
  • Supply blocks, unpowered buildings, or Contaminate may cause inaccurate times.
  • Supply counts are checked every 10 seconds.